 Dungeon Crawl Stone Soup version 0.20-a0-61-ga1b20b4 (webtiles) character file.

182 KristoblXynda the Poker (level 5, -13/44 HPs)
             Began as a Naga Fighter on Nov 17, 2016.
             Mangled by KristoblXynda's ghost (15 damage)
             ... on level 4 of the Dungeon.
             The game lasted 00:05:44 (3590 turns).

KristoblXynda the Poker (Naga Fighter)              Turns: 3590, Time: 00:05:44

Health: -13/44     AC:  4    Str: 19    XL:     5   Next: 62%
Magic:  5/5        EV: 11    Int:  9    God:
Gold:   94         SH:  9    Dex: 15    Spells: 0 memorised, 4 levels left

rFire  . . .     SeeInvis +     a - +0 trident
rCold  . . .     Gourm    .     l - +0 ring mail
rNeg   . . .     Faith    .     c - +0 shield
rPois  +         Spirit   .     (no helmet)
rElec  .         Reflect  .     (no cloak)
rCorr  .         Harm     .     (no gloves)
MR     .....                    (no barding)
Stlth  +++.......               (no amulet)
                                (no ring)
                                m - ring of flight

@: agile, short of breath, very slow
A: see invisible, deformed body, deterioration 1, frail 1, poison resistance,
slowness 2, slow metabolism 1, spit poison 2, AC +1
a: Breathe Poison Gas, Evoke Flight


You were on level 4 of the Dungeon.
You were not hungry.

You visited 1 branch of the dungeon, and saw 4 of its levels.

You collected 94 gold pieces.

Inventory:

Hand Weapons
 a - a +0 trident (weapon)
Armour
 c - a +0 shield (worn)
 l - a +0 ring mail (worn)
Jewellery
 m - a ring of flight (left hand)
Scrolls
 b - a scroll of enchant weapon {unknown}
 e - 2 scrolls of identify {unknown}
 g - 2 scrolls of noise {unknown}
 i - a scroll of random uselessness {unknown}
 j - 3 scrolls of teleportation {unknown}
 n - a scroll of remove curse
Comestibles
 f - 3 bread rations


   Skills:
 - Level 3.0 Fighting
 + Level 3.8 Polearms
 - Level 2.7 Armour
 + Level 3.6 Stealth
 + Level 3.3 Shields


You had 4 spell levels left.
You didn't know any spells.

Dungeon Overview and Level Annotations

Branches:
Dungeon (4/15)
 Temple: D:4-7

Altars:
The Shining One

Annotations:
D:4 KristoblXynda's ghost, amateur MiGl


Innate Abilities, Weirdness & Mutations

You cannot wear boots.
Your serpentine skin is tough. (AC +1)
You have supernaturally acute eyesight. (SInv)
Armour fits poorly on your strangely shaped body.
Your system is resistant to poisons. (rPois)
You cover ground very slowly.
You have a slow metabolism.
You can exhale a cloud of poison.
Your body sometimes deteriorates upon taking damage.
You are frail. (-10% HP)


Message History

Your magical effects are unravelling.
You feel magically purged.
You feel a little less mighty now.
You block KristoblXynda's ghost's attack.
It was a potion of agility.
You feel agile all of a sudden.
You block KristoblXynda's ghost's attack.
KristoblXynda's ghost hits you!
* * * LOW HITPOINT WARNING * * *
Press: ? - help, Shift-Dir - straight line, f/p - KristoblXynda's ghost
Aim: KristoblXynda's ghost (severely damaged)
You exhale a blast of poison gas.
The poison gas hits KristoblXynda's ghost.
KristoblXynda's ghost appears unharmed.
KristoblXynda's ghost is severely damaged.
The poison gas hits the worker ant.
The worker ant appears unharmed.
You feel somewhat more hungry.
The worker ant is engulfed in poison gas.
The worker ant is poisoned.
KristoblXynda's ghost hits you!
You die...

######.#..###.# ####.#
#....#.#..# #.# #.# #.....
#..###.######.# ###....#
#...#.......#.### ####......#
#.#.#..####.#.... ...'......#
#.#....# #.#.#.# ...#......#
#.##...####.#....
...'......###.##..........#.#
...#....§§aW@.##......#.#.#.#
#......#######..#....#.#.#
######## #..#....#.#..
##>#....#.### ##...)#.# #
#..))#.# # #....#.# #
#....#.# # #.#....# #


You could see a worker ant and KristoblXynda's ghost.

Vanquished Creatures
  2 orc wizards
  4 adders (D:2)
  A worm (D:2)
  5 leopard geckos
  7 orcs
  3 giant cockroaches
  7 hobgoblins
  4 jackals (D:3)
  8 kobolds
  3 quokkas
  13 bats
  2 frilled lizards (D:2)
  6 goblins
  7 rats
72 creatures vanquished.

Notes
Turn   | Place    | Note
-------+----------+-------------------------------------------
     0 | D:1      | KristoblXynda the Naga Fighter began the quest for the Orb.
     0 | D:1      | Reached XP level 1. HP: 21/21 MP: 1/1
   298 | D:1      | Reached XP level 2. HP: 21/28 MP: 2/2
   977 | D:2      | Reached XP level 3. HP: 28/34 MP: 3/3
  1368 | D:2      | Reached skill level 1 in Stealth
  1565 | D:2      | Found a faded altar of an unknown god.
  1782 | D:2      | Reached XP level 4. HP: 38/42 MP: 4/4
  2649 | D:3      | Reached XP level 5. HP: 22/49 MP: 5/5
  2874 | D:3      | Found a glowing golden altar of the Shining One.
  3575 | D:4      | Noticed KristoblXynda's ghost (amateur MiGl)
  3585 | D:4      | Gained mutation: You are frail. (-10% HP) [potion of mutation]
  3585 | D:4      | Gained mutation: You can exhale a cloud of poison. [potion of mutation]
  3585 | D:4      | Gained mutation: Your body sometimes deteriorates upon taking damage. [potion of mutation]
  3589 | D:4      | HP: 2/44 [KristoblXynda's ghost (7)]
  3590 | D:4      | Mangled by KristoblXynda's ghost

Vault maps used:
D:1:      dpeg_arrival_chase, grunt_decor_mini_mirrors, hex_medium
D:2:      ecumenical_altar_1
D:3:      tso_metal_star
D:4:      nicolae_overflow_crystal_walls, minmay_misc_feat_square, minmay_cupped

Skill      XL: |  1  2  3  4 |
---------------+-------------+-----
Polearms       | 3 |  3.8
Stealth        | 1 3 |  3.6
Shields        | 3 |  3.3
Fighting       | |  3.0
Armour         | |  2.7

Action                   |  1- 3 |  4- 6 || total
-------------------------+-------+-------++-------
Melee: Trident           |   148 |   127 ||   275
 Abil: Spit Poison       |     3 |     4 ||     7
       Breathe Poison Ga |       |     1 ||     1
  Use: Scroll            |     1 |       ||     1
       Potion            |       |     5 ||     5
 Stab: Sleeping          |       |     1 ||     1
  Eat: Bread ration      |     1 |       ||     1
       Chunk             |       |     2 ||     2
       Pizza             |       |     1 ||     1
Armor: Scale mail        |   120 |    23 ||   143
       Ring mail         |       |    32 ||    32
Dodge: Dodged            |    47 |    24 ||    71
Block: Shield            |   101 |    73 ||   174
